cohdb
Replays
Latest Replays
All Replays
Popular Replays
Top Player Replays
Match Explorer
How It Works
Community
CoH3 Stats
Reddit
Sign in to upload your games and track your stats! →
Sign in with Steam
Match 43430880
Unlisted
Match 43430880
Overview
Messages
Build Orders
End
Kettenkrad Recon Vehicle
Construct Infanterie Kompanie
MG 42 Machine Gun Team
Selects Mechanized Battlegroup
Grenadier Squad
Construct Luftwaffe Kompanie
Medical Bunker
Flak 30 Anti-aircraft Gun Team
Selects Spotting Scopes
Jäger Squad
221 Scout Car
Jäger Squad
Support Elements
DeathMiz
MILF_Hunter
will
插头
B1t
SkyCurv
BurningShot
★Kartoffel★Aquiles
0
0
Comments
sign in to comment!
No comments posted yet!